 Dungeon Crawl Stone Soup version 0.16-a0-3963-gf3423b3 (webtiles) character file.

248 ketsa the Magician (level 5, -2/31 HPs)
             Began as a High Elf Fire Elementalist on Feb 10, 2015.
             Slain by a hound (5 damage)
             ... on level 6 of the Dungeon.
             The game lasted 00:21:51 (5410 turns).

ketsa the Magician (High Elf Fire Elementalist)     Turns: 5410, Time: 00:21:51

Health: -2/31      AC:  2    Str:  8    XL:     5   Next: 86%
Magic:  0/16       EV: 14    Int: 18    God:
Gold:   217        SH:  0    Dex: 16    Spells: 3 memorised, 6 levels left

rFire  . . .     SeeInvis .     m - +2 dagger (freeze)
rCold  . . .     Clarity  .     a - +0 robe
rNeg   . . .     SustAb   .     (no shield)
rPois  .         Gourm    .     (no helmet)
rElec  .         Spirit   .     (no cloak)
rCorr  .         Warding  .     (no gloves)
rMut   .         Stasis   .     (no boots)
MR     .....                    (no amulet)
Stlth  ++........               (no ring)
                                (no ring)

@: not resistant to hostile enchantments, unstealthy
A: no striking features
a: no special abilities


You were on level 6 of the Dungeon.
You were hungry.

You visited 2 branches of the dungeon, and saw 7 of its levels.

You collected 217 gold pieces.

Inventory:

Hand weapons
 l - a +0 dagger
 m - a +2 dagger of freezing (weapon)
 o - a +0 blowgun
 s - a +0 hunting sling
 A - a +0 short sword
Missiles
 i - 9 poisoned needles
 t - 10 stones (quivered)
 z - 6 curare-tipped needles
Armour
 a - a +0 robe (worn)
 d - a +0 helmet
Scrolls
 e - 2 scrolls of teleportation {unknown}
 f - 4 scrolls of remove curse {unknown}
 h - 6 scrolls of identify {unknown}
 j - a scroll of magic mapping {unknown}
 n - a scroll of immolation {unknown}
 p - a scroll of amnesia {unknown}
 w - 2 scrolls of enchant armour {unknown}
 x - a scroll of random uselessness {unknown}
 y - a scroll of blinking {unknown}
Potions
 r - 2 potions of restore abilities
Books
 b - a book of Flames

   Spells                             Type                      Level
   a - Flame Tongue                   Conjuration/Fire             1
   b - Throw Flame                    Conjuration/Fire             2
   c - Conjure Flame                  Conjuration/Fire             3
   d - Inner Flame                    Hexes/Fire                   3
   e - Sticky Flame                   Conjuration/Fire             4
   f - Fireball                       Conjuration/Fire             5
Comestibles
 c - 6 bread rations
 g - 3 fruits
 q - a slice of pizza
 u - 2 meat rations
 v - a beef jerky


   Skills:
 + Level 2.2 Short Blades
 + Level 3.5 Dodging
 - Level 2.1 Stealth
 + Level 4.0 Spellcasting
 + Level 3.1 Conjurations
 + Level 3.9 Fire Magic


You had 6 spell levels left.
You knew the following spells:

 Your Spells              Type           Power        Failure   Level  Hunger
a - Flame Tongue          Conj/Fire      ###..        3%          1    None
b - Throw Flame           Conj/Fire      ###...       6%          2    ##.....
c - Conjure Flame         Conj/Fire      ###.....     12%         3    ###....


Dungeon Overview and Level Annotations

Branches:
Dungeon (6/15)             Temple (1/1) D:6

Altars:
Ashenzari
Cheibriados
Dithmenos
Elyvilon
Fedhas
Gozag
Kikubaaqudgha
Makhleb
Nemelex Xobeh
Qazlal
Sif Muna
Trog
Xom
Yredelemnul
Zin
The Shining One

Annotations:
D:3 exclusion: downstairs
D:4 Blork the orc, Sigmund


Message History

Aim: a hound (heavily wounded)
The flame tongue hits the hound.
The hound is almost dead.
The hound closely misses you.
Casting: Flame Tongue
Confirm with . or Enter, or press ? or * to list all spells.
You don't have enough magic to cast that spell.
Casting: Flame Tongue
Confirm with . or Enter, or press ? or * to list all spells.
You don't have enough magic to cast that spell.
Casting: Flame Tongue
Confirm with . or Enter, or press ? or * to list all spells.
You don't have enough magic to cast that spell.
Casting: Flame Tongue
Confirm with . or Enter, or press ? or * to list all spells.
You don't have enough magic to cast that spell.
You barely miss the hound.
The hound is almost dead.
The hound bites you.
You die...

#.# #..........##.###....
#.# #....>.....##........
#.# #.#.#......######.##.
#.# #........### #..+.
#.# #.........# ####. #.#
#........## #Y #.#
########## #. #.#
###################. #)#
#..@hY............'.
#.####.#################.
#...............†.# ##
#####.####...####.#
#...........# #.#
#.##.#..#...####.#
#....#...........#
######....########
#.......#


You could see an ice beast and a hound.

Vanquished Creatures
  A slave (D:5)
  A crimson imp (D:5)
  A hound (D:6)
  A worker ant (D:5)
  A hound zombie (D:6)
  3 gnolls (D:4)
  4 adders
  2 worms
  A giant gecko (D:5)
  2 orcs
  10 bats
  8 goblins
  5 hobgoblins
  2 jackals (D:5)
  8 kobolds
  3 quokkas
  A ball python (D:1)
  2 giant cockroaches (D:3)
  4 giant newts
  10 rats
70 creatures vanquished.

Notes
Turn   | Place    | Note
--------------------------------------------------------------
     0 | D:1      | ketsa, the High Elf Fire Elementalist, began the quest for the Orb.
     0 | D:1      | Reached XP level 1. HP: 11/11 MP: 4/4
   596 | D:1      | Reached XP level 2. HP: 17/17 MP: 3/6
   789 | D:1      | Learned a level 2 spell: Throw Flame
  1316 | D:2      | Reached XP level 3. HP: 21/21 MP: 5/8
  1634 | D:2      | Reached skill level 1 in Short Blades
  1705 | D:2      | Found an opulent altar of Gozag.
  1714 | D:2      | Found a shimmering altar of Xom.
  1715 | D:2      | Found a glowing silver altar of Zin.
  1716 | D:2      | Found a deep blue altar of Sif Muna.
  1717 | D:2      | Found a burning altar of Makhleb.
  1719 | D:2      | Found a glowing golden altar of the Shining One.
  1774 | D:2      | Found an ancient bone altar of Kikubaaqudgha.
  2036 | D:3      | Reached XP level 4. HP: 27/27 MP: 8/12
  2075 | D:4      | Noticed Sigmund
  2335 | D:3      | Learned a level 3 spell: Conjure Flame
  2505 | D:3      | Found a white marble altar of Elyvilon.
  3034 | D:5      | Entered Level 5 of the Dungeon
  3366 | D:5      | Noticed a slave
  3367 | D:5      | Noticed a slave
  3379 | D:4      | Noticed Blork the orc
  3675 | D:5      | Killed a slave
  4030 | D:6      | Found a staircase to the Ecumenical Temple.
  4042 | Temple   | Entered the Ecumenical Temple
  4456 | D:5      | Reached XP level 5. HP: 25/31 MP: 15/15
  5187 | D:6      | Reached skill level 4 in Spellcasting
  5352 | D:6      | Noticed an ice beast
  5410 | D:6      | Slain by a hound

Action                   |  1- 3 |  4- 6 || total
-------------------------+-------+-------++-------
Melee: Dagger            |    34 |    55 ||    89
 Cast: Flame Tongue      |    43 |    67 ||   110
       Throw Flame       |     3 |    15 ||    18
       Conjure Flame     |       |     8 ||     8
  Use: Potion            |       |     7 ||     7
 Stab: Sleeping          |     1 |       ||     1
  Eat: Chunk             |     3 |     7 ||    10
       Fruit             |       |     4 ||     4
       Pizza             |       |     1 ||     1
